 Dungeon Crawl Stone Soup version 0.17-a0-1572-g7a1422d (webtiles) character file.

19581 urechis the Basher (level 12, -5/84 HPs)
             Began as a Gargoyle Fighter on July 24, 2015.
             Was an Elder of Trog.
             Slain by Rupert
             ... wielding a +5 great sword of slicing
              (28 damage)
             ... on level 12 of the Dungeon.
             The game lasted 00:47:50 (16426 turns).

urechis the Basher (Gargoyle Fighter)              Turns: 16426, Time: 00:47:50

Health: -5/84      AC: 33    Str: 22    XL:     12   Next: 70%
Magic:  12/12      EV: 10    Int:  9    God:    Trog [****..]
Gold:   881        SH:  7    Dex: 16    Spells: 0 memorised, 11 levels left

rFire  . . .     SeeInvis .     a - +1 flail (protect)
rCold  + . .     Clarity  .     T - +4 ring mail "Vacime" {rC+ Dex+4 Stlth-}
rNeg   + + .     SustAt   .     x - +2 buckler
rPois  ∞         Gourm    .     d - +2 helmet
rElec  +         Spirit   .     X - +1 cloak
rCorr  .         Warding  .     u - +0 pair of gloves
rMut   .         Stasis   .     G - +0 pair of boots
MR     +++..                    (no amulet)
Stlth  ..........               S - ring of protection from magic
                                r - ring of positive energy

@: exhausted, regenerating, slowed, very slow, extremely resistant to hostile
enchantments, extremely unstealthy
A: negative energy resistance 1, electricity resistance, unbreathing,
petrification resistance, rot immunity, AC +8
a: Burn Spellbooks, Berserk, Trog's Hand, Brothers in Arms, Renounce Religion


You were on level 12 of the Dungeon.
You worshipped Trog.
Trog was greatly pleased with you.
You were not hungry.

You visited 2 branches of the dungeon, and saw 13 of its levels.
You also visited: Sewer and Bailey.

You collected 881 gold pieces.

Inventory:

Hand weapons
 a - a +1 flail of protection (weapon)
 b - a +3 blowgun
Missiles
 C - 89 poisoned needles
 P - 7 curare-tipped needles
Armour
 d - a +2 helmet (worn)
 u - a +0 pair of gloves (worn)
 x - a +2 buckler (worn)
 G - a +0 pair of boots (worn)
 T - the +4 ring mail "Vacime" (worn) {rC+ Dex+4 Stlth-}
   (You found it on level 9 of the Dungeon)

   It affects your dexterity (+4).
   It protects you from cold.
   It makes you less stealthy.
 X - a +1 cloak (worn)
Jewellery
 r - a ring of positive energy (left hand)
 y - an uncursed ring of flight
 E - an uncursed ring of fire
 S - a ring of protection from magic (right hand)
Scrolls
 h - 6 scrolls of teleportation
 j - a scroll of identify
 m - a scroll of immolation {unknown}
 p - 6 scrolls of enchant weapon
 s - 5 scrolls of blinking
 t - a scroll of acquirement {unknown}
 v - 5 scrolls of remove curse
 w - 2 scrolls of fog
 B - 6 scrolls of enchant armour
 L - a scroll of amnesia {unknown}
 R - a scroll of magic mapping {unknown}
Potions
 e - a potion of might
 k - 7 potions of curing
 l - 6 potions of heal wounds
 n - 4 potions of haste {unknown}
 q - 2 potions of lignification {unknown}
 z - 2 potions of cure mutation {unknown}
 A - a potion of agility {unknown}
 D - a potion of brilliance {unknown}
 F - 2 potions of invisibility {unknown}
 I - 2 potions of flight {unknown}
 J - a potion of beneficial mutation {unknown}
 K - 3 potions of ambrosia {unknown}
 O - 2 potions of mutation {unknown}
 Q - a potion of cancellation {unknown}
 U - 3 potions of berserk rage {unknown}
 V - a potion of resistance {unknown}
Books
 g - a book of the Dragon

   Spells                             Type                      Level
   a - Flame Tongue                   Conjuration/Fire             1
   b - Cause Fear                     Hexes                        4
   c - Bolt of Fire                   Conjuration/Fire             6
   d - Dragon Form                    Transmutation                7
   e - Dragon's Call                  Summoning                    9
   Trog disapproves of the use of such an item.
Comestibles
 f - 2 meat rations


   Skills:
 + Level 13.0 Fighting
 - Level 14.0 Maces & Flails
 * Level 10.2 Armour
 - Level 4.1 Shields


You had 11 spell levels left.
You didn't know any spells.

Dungeon Overview and Level Annotations

Branches:
Dungeon (12/15)            Temple (1/1) D:6            Lair (0/8) D:10
    Orc (0/4) D:11

Altars:
Ashenzari
Cheibriados
Dithmenos
Elyvilon
Fedhas
Gozag
Kikubaaqudgha
Makhleb
Nemelex Xobeh
Okawaru
Qazlal
Ru
Sif Muna
Trog
Vehumet
Xom
Yredelemnul
Zin
The Shining One

Annotations:
D:12 Rupert


Innate Abilities, Weirdness & Mutations

You are resistant to torment.
Your stone body is resilient (AC +8).
You are immune to poison.
You resist negative energy.
You are resistant to electric shocks.
You can survive without breathing.
You are immune to petrification.
You are immune to rotting.


Message History

You finish eating.
That meat ration really hit the spot!
You hit Rupert but do no damage.
Rupert is heavily wounded.
Rupert hits you but does no damage.
You thump Rupert!
Rupert is heavily wounded.
You block Rupert's attack. Rupert hits you but does no damage.
You hit Rupert but do no damage.
Rupert is heavily wounded.
Rupert hits you but does no damage.
You hit Rupert but do no damage.
Rupert is heavily wounded.
Rupert hits you with a great sword of slicing!!
* * * LOW HITPOINT WARNING * * *
x2 Drink which item? (? for menu, Esc to quit)
You feel much better.
Rupert hits you with a great sword of slicing!!
* * * LOW HITPOINT WARNING * * *
x2 Rupert hits you with a great sword of slicing!!
You die...

######.#########.#
#.# #.# #.# #.#
#.# #.# #.# #.#
#.# #.# #.# #.#
#.# #.# #@# #@#
#l# #.# .l.@....#
........#
........# #####
........# .....
........#


You could see Rupert (berserk) and an iguana.

Vanquished Creatures
  3 hydras
  Sonja (D:12)
  Nergalle (D:10)
  3 orc knights (Bailey)
  Pikel (D:7)
  7 hill giants
  3 ugly things
  Maurice (D:10)
  Joseph (D:10)
  Prince Ribbit (D:6)
  A slime creature (D:6)
  A trapdoor spider (D:10)
  A deep elf mage (D:11)
  8 yaks (D:11)
  A steam dragon (D:5)
  A hippogriff (D:11)
  Grum (D:8)
  Menkaure (D:7)
  2 hungry ghosts (D:10)
  4 wolves (D:8)
  A water moccasin (D:12)
  5 sky beasts
  4 slaves
  11 orc warriors
  4 ice beasts
  4 ogres
  A wasp (D:12)
  4 centaurs
  7 giant frogs
  A big kobold (D:10)
  2 scorpions
  A water moccasin skeleton (D:6)
  11 wights
  11 killer bees (D:10)
  4 crimson imps
  2 centaur zombies
  A quasit (D:11)
  A giant frog skeleton (D:8)
  A wasp zombie (D:5)
  3 hounds
  9 jellies
  5 iguanas
  2 orc priests (D:8)
  An orc wizard (D:9)
  A giant frog zombie (D:9)
  11 worker ants
  A killer bee zombie (D:10)
  A hound zombie (D:5)
  3 hound skeletons
  A worker ant zombie (D:9)
  Robin (D:3)
  14 adders
  21 gnolls
  2 shadow imps
  23 oozes
  An adder zombie (D:5)
  2 worms (D:2)
  14 giant geckos
  45 orcs
  21 bats
  8 giant cockroaches
  20 hobgoblins
  10 jackals
  9 ball pythons
  19 giant newts
  28 goblins
  18 kobolds
  6 quokkas
  A quokka skeleton (D:6)
  15 rats
435 creatures vanquished.

Vanquished Creatures (others)
  A bush (D:6)
  8 fungi (D:6)
9 creatures vanquished.

Grand Total: 444 creatures vanquished

Notes
Turn   | Place    | Note
--------------------------------------------------------------
     0 | D:1      | urechis the Gargoyle Fighter began the quest for the Orb.
     0 | D:1      | Reached XP level 1. HP: 14/14 MP: 1/1
   156 | D:1      | Reached XP level 2. HP: 19/19 MP: 2/2
   722 | D:2      | Reached XP level 3. HP: 15/23 MP: 3/3
  1065 | D:2      | Reached skill level 4 in Fighting
  1320 | D:3      | Found a glowing drain.
  1324 | Sewer    | Entered a sewer
  1393 | Sewer    | Reached XP level 4. HP: 29/29 MP: 4/4
  1572 | Sewer    | Reached XP level 5. HP: 21/34 MP: 5/5
  1931 | Sewer    | Noticed a giant frog
  1932 | Sewer    | Noticed a giant frog
  1940 | Sewer    | Killed a giant frog
  1943 | Sewer    | Killed a giant frog
  1943 | Sewer    | Reached skill level 5 in Fighting
  1943 | Sewer    | Reached skill level 5 in Maces & Flails
  1943 | Sewer    | Reached XP level 6. HP: 28/40 MP: 6/6
  2153 | D:3      | Noticed Robin
  2192 | D:3      | Killed Robin
  3164 | D:4      | Found a burning altar of Makhleb.
  3164 | D:4      | Found a snail-covered altar of Cheibriados.
  3165 | D:4      | Found a white marble altar of Elyvilon.
  3255 | D:4      | You fall through a shaft for 3 floors!
  3298 | D:7      | Found a shattered altar of Ashenzari.
  3343 | D:7      | Reached skill level 6 in Maces & Flails
  3343 | D:7      | Reached XP level 7. HP: 44/44 MP: 7/7
  3447 | D:7      | Noticed Menkaure
  3452 | D:7      | Noticed Pikel
  3453 | D:7      | Killed Menkaure
  3769 | D:6      | Found a staircase to the Ecumenical Temple.
  3810 | D:6      | Found a basalt altar of Yredelemnul.
  3811 | D:6      | Noticed Prince Ribbit
  3848 | D:5      | Entered Level 5 of the Dungeon
  4603 | D:5      | Reached skill level 7 in Maces & Flails
  4837 | D:5      | Noticed a steam dragon
  4866 | D:5      | HP: 2/46 [something/ball of steam (5)]
  5249 | D:5      | Reached XP level 8. HP: 44/52 MP: 8/8
  5723 | D:5      | Reached skill level 8 in Maces & Flails
  6302 | Temple   | Entered the Ecumenical Temple
  6423 | Temple   | Became a worshipper of Trog the Wrathful
  6523 | D:6      | Killed Prince Ribbit
  6523 | D:6      | Reached skill level 9 in Maces & Flails
  6669 | D:6      | Noticed a slime creature
  6701 | D:5      | Reached XP level 9. HP: 13/58 MP: 9/9
  7037 | D:5      | Killed a steam dragon
  7763 | D:6      | Found an ancient bone altar of Kikubaaqudgha.
  7765 | D:6      | Found a deep blue altar of Sif Muna.
  7765 | D:6      | Found a radiant altar of Vehumet.
  7770 | D:6      | Identified Kikubaaqudgha's Tome of Necromancy
  7777 | D:6      | Identified Sif Muna's Volume of Shape Shifting
  7786 | D:6      | Identified Vehumet's Incunabulum of Battle Magic
  7865 | D:6      | Reached skill level 10 in Maces & Flails
  8161 | D:6      | Killed a slime creature
  8168 | D:6      | Acquired Trog's first power
  8618 | D:7      | Acquired Trog's second power
  8861 | D:7      | Killed Pikel
  8861 | D:7      | Reached skill level 11 in Maces & Flails
  8861 | D:7      | Reached XP level 10. HP: 64/66 MP: 10/10
  9568 | D:8      | Noticed Grum
  9585 | D:8      | Killed Grum
  9724 | D:8      | Reached skill level 12 in Maces & Flails
 10521 | D:8      | Reached skill level 10 in Fighting
 10689 | D:9      | Noticed a purple ugly thing
 10702 | D:9      | Killed a purple ugly thing
 10704 | D:9      | Got a pitted ring mail
 10723 | D:9      | Identified the +4 ring mail "Vacime" {rC+ Dex+4 Stlth-} (You found it on level 9 of the Dungeon)
 10751 | D:9      | Found a flagged portal.
 10773 | Bailey   | Entered a bailey
 10958 | Bailey   | Noticed an orc knight
 11665 | Bailey   | Noticed an orc knight
 11703 | Bailey   | Killed an orc knight
 11703 | Bailey   | Reached skill level 13 in Maces & Flails
 11703 | Bailey   | Reached XP level 11. HP: 54/73 MP: 11/11
 11816 | Bailey   | Noticed an orc knight
 11831 | Bailey   | Noticed an orc knight
 11838 | Bailey   | Killed an orc knight
 11887 | Bailey   | Killed an orc knight
 12450 | D:9      | Noticed a hill giant
 12501 | D:9      | Killed a hill giant
 12738 | D:9      | Acquired Trog's third power
 13181 | D:10     | Entered Level 10 of the Dungeon
 13203 | D:10     | Noticed Joseph
 13222 | D:10     | Killed Joseph
 13236 | D:10     | Found a basalt altar of Yredelemnul.
 13429 | D:10     | Noticed Nergalle
 13443 | D:10     | Noticed a spectral orc warlord
 13463 | D:11     | Noticed a hill giant
 13475 | D:11     | Noticed a hill giant
 13669 | D:11     | Reached skill level 14 in Maces & Flails
 13766 | D:11     | Noticed an eight-headed hydra
 13777 | D:11     | Killed an eight-headed hydra
 14032 | D:10     | Noticed a hill giant
 14063 | D:10     | Killed a hill giant
 14063 | D:10     | Reached skill level 5 in Armour
 14174 | D:10     | Noticed Maurice
 14190 | D:10     | Killed Maurice
 14541 | D:10     | Found a staircase to the Lair.
 14632 | D:10     | Killed Nergalle
 14632 | D:10     | Received a gift from Trog
 14944 | D:10     | Reached XP level 12. HP: 66/81 MP: 12/12
 15034 | D:11     | Killed a hill giant
 15419 | D:11     | Noticed an eight-headed hydra
 15431 | D:11     | Killed an eight-headed hydra
 15694 | D:11     | Killed a hill giant
 15726 | D:11     | Found a staircase to the Orcish Mines.
 15978 | D:12     | Noticed Sonja
 15995 | D:12     | Killed Sonja
 16054 | D:12     | Got a faintly glowing leather armour
 16065 | D:12     | Identified the +3 leather armour of Zin's Approval {-Tele MP+9 Int+9} (You found it on level 12 of the Dungeon)
 16164 | D:12     | Noticed an eight-headed hydra
 16176 | D:12     | Killed an eight-headed hydra
 16176 | D:12     | Reached skill level 10 in Armour
 16390 | D:12     | Noticed Rupert
 16426 | D:12     | Slain by Rupert

Vault maps used:
D:1:      dpeg_arrival_leaves_temple_mockup
D:3:      kennysheep_goblin_castle, lightli_sewer_entry_pipes, minmay_cut_off
D:4:      gammafunk_temple_overflow_claw, first_bread, grunt_ministairs_8
D:5:      kennysheep_generic_room_5
D:6:      lemuel_slime, grunt_temple_overflow_magic_moments,
          overflow_temple_1_default, minmay_temple_entry_hall, nrook_uturn,
          minmay_hedge_maze, grunt_ministairs_5, uniq_prince_ribbit1
D:7:      nicolae_ashenzari_panopticon, uniq_pikel, uniq_menkaure
D:8:      uniq_grum
D:9:      enter_bailey_2
D:10:     dpeg_oklobed_lair, basic_altar, uniq_joseph, uniq_nergalle,
          uniq_maurice
D:11:     orc_0_dummy
D:12:     uniq_sonja, uniq_rupert
Temple:   jpeg_temple_clearing_12
Sewer:    sewer_frog_island_02
Bailey:   bailey_polearm_5, bailey

Action                   |  1- 3 |  4- 6 |  7- 9 | 10-12 || total
-------------------------+-------+-------+-------+-------++-------
Melee: Flail             |   141 |   335 |   573 |  1012 ||  2061
 Fire: Blowgun           |       |     2 |     5 |    26 ||    33
Invok: Burn Spellbooks   |       |       |     1 |     2 ||     3
       Berserk           |       |       |       |    13 ||    13
       Trog's Hand       |       |       |       |     5 ||     5
  Use: Potion            |       |       |     1 |     3 ||     4
       Scroll            |       |       |     1 |     8 ||     9
  Eat: Chunk             |     2 |     3 |    13 |    23 ||    41
       Bread ration      |       |     1 |       |     2 ||     3
       Fruit             |       |       |     4 |     2 ||     6
       Beef jerky        |       |       |     1 |     2 ||     3
       Meat ration       |       |       |       |     1 ||     1
       Pizza             |       |       |       |     1 ||     1
